 Dungeon Crawl Stone Soup version 0.24-a0-291-g79c1ce7 (webtiles) character file.

Game seed: 13209383072556374304

180 theanonym the Chopper (level 5, -9/46 HPs)
             Began as a Minotaur Warper on May 10, 2019.
             Mangled by an ogre
             ... wielding a +0 giant club
              (29 damage)
             ... on level 4 of the Dungeon.
             The game lasted 00:02:15 (2121 turns).

theanonym the Chopper (Minotaur Warper)             Turns: 2121, Time: 00:02:16

Health: -9/46      AC:  7    Str: 16    XL:     5   Next: 33%
Magic:  6/6        EV: 10    Int: 10    God:
Gold:   146        SH:  0    Dex: 10    Spells: 6/6 levels left

rFire    + . .     SeeInvis .   a - +0 hand axe
rCold    x . .     Gourm    .   (no shield)
rNeg     . . .     Faith    .   p - +0 scale mail
rPois    .         Spirit   .   (helmet restricted)
rElec    .         Reflect  .   (no cloak)
rCorr    .         Harm     .   (no gloves)
MR       +....                  j - +0 pair of boots
Stlth    ..........             (no amulet)
HPRegen  0.15/turn              k - ring of protection from magic
MPRegen  0.10/turn              h - ring of fire

@: no status effects
A: retaliatory headbutt, horns 2
a: no special abilities


Innate Abilities, Weirdness & Mutations

You reflexively headbutt those who attack you in melee.
You have a pair of horns on your head.


   Skills:
 + Level 4.2 Fighting
 * Level 5.7 Axes
 - Level 1.0 Throwing
 - Level 1.2 Armour
 - Level 2.1 Dodging
 - Level 1.3 Spellcasting
   Level 2.1 Translocations


You had 6 spell levels left.
You didn't know any spells.
Your spell library contained the following spells:

 Spells                   Type           Power        Failure   Level  Hunger
 Blink                    Tloc           N/A          58%         2    ###....
 Shroud of Golubria       Chrm/Tloc      #.........   75%         2    ###....
 Gell's Gravitas          Tloc           #.........   83%         3    ####...
 Lesser Beckoning         Tloc           #.........   83%         3    ####...
 Teleport Other           Tloc           #.......     83%         3    ####...
 Passage of Golubria      Tloc           N/A          99%         4    #####..

Skill      XL: |  1  2  3  4 |
---------------+-------------+-----
Axes           | 3 4 5 |  5.7
Fighting       | 3 4 |  4.2
Throwing       | |  1.0
Armour         | |  1.2
Dodging        | |  2.1
Spellcasting   | |  1.3
Translocations | |  2.1

Action                   |  1- 3 |  4- 6 || total
-------------------------+-------+-------++-------
Melee: Hand axe          |    85 |    72 ||   157
       Headbutt          |     8 |    12 ||    20
  Use: Scroll            |       |     6 ||     6
  Eat: Chunk             |     1 |     3 ||     4
Armor: Leather armour    |    25 |       ||    25
       Scale mail        |       |    21 ||    21
Dodge: Dodged            |    59 |    44 ||   103

Inventory:

Hand Weapons
 a - a +0 hand axe (weapon)
Missiles
 f - 5 tomahawks of dispersal (quivered)
Armour
 b - a +0 leather armour
 j - a +0 pair of boots (worn)
 l - a +0 hat
 p - a +0 scale mail (worn)
Magical Staves
 c - an uncursed staff of conjuration {unknown}
Jewellery
 h - a ring of fire (right hand)
 k - a ring of protection from magic (left hand)
 o - a cursed amulet of inaccuracy {unknown}
Scrolls
 g - a scroll of enchant armour {unknown}
 n - 2 scrolls of remove curse
 r - 3 scrolls of identify
 t - a scroll of fog {unknown}
 B - 3 scrolls of blinking
Potions
 i - a potion of flight
 m - a potion of might
 q - 2 potions of heal wounds
 s - 2 potions of ambrosia {unknown}
 u - a potion of agility {unknown}
Comestibles
 d - 3 chunks of flesh
 e - 9 rations


You were on level 4 of the Dungeon.
You were not hungry.

You visited 1 branch of the dungeon, and saw 4 of its levels.

You collected 146 gold pieces.

Dungeon Overview and Level Annotations

Branches:
Dungeon (4/15)
 Temple: D:4-7

Altars:
Cheibriados
Hepliaklqana
Kikubaaqudgha
Nemelex Xobeh
The Shining One

...# ...#####.
#........
#........
#........
#........
#<.......
#########........
......O@........#
................#
................#
................#
................#
#################


You could see an ogre.

Notes
Turn   | Place    | Note
-------+----------+-------------------------------------------
     0 | D:1      | theanonym the Minotaur Warper began the quest for the Orb.
     0 | D:1      | Reached XP level 1. HP: 18/18 MP: 1/1
    68 | D:1      | Reached skill level 3 in Axes
    85 | D:1      | Reached XP level 2. HP: 18/25 MP: 3/3
   209 | D:1      | Reached skill level 3 in Fighting
   453 | D:1      | Reached XP level 3. HP: 31/31 MP: 4/4
   457 | D:1      | Reached skill level 4 in Axes
  1003 | D:2      | Found a snail-covered altar of Cheibriados.
  1127 | D:2      | Reached XP level 4. HP: 31/40 MP: 5/5
  1176 | D:2      | Reached skill level 5 in Axes
  1231 | D:2      | Found an ancient bone altar of Kikubaaqudgha.
  1450 | D:3      | Found a hazy altar of Hepliaklqana.
  1690 | D:3      | Reached skill level 4 in Fighting
  1726 | D:3      | Reached XP level 5. HP: 38/46 MP: 6/6
  1853 | D:3      | Found a sparkling altar of Nemelex Xobeh.
  1962 | D:3      | Found a glowing golden altar of the Shining One.
  2114 | D:4      | Noticed an ogre
  2120 | D:4      | HP: 20/46 [ogre/+0 giant club (15)]
  2121 | D:4      | Mangled by an ogre

Vanquished Creatures
  An iguana (D:2)
  6 adders
  A gnoll (D:1)
  2 oozes
  A worm (D:3)
  2 dart slugs
  2 leopard geckos (D:3)
  3 orcs
  5 bats
  6 giant cockroaches
  6 hobgoblins
  3 jackals (D:3)
  2 ball pythons (D:1)
  10 frilled lizards
  A giant cockroach zombie (D:3)
  5 goblins
  13 kobolds
  6 rats
75 creatures vanquished.

Table legend:
 A = Turns spent in this place as a percentage of turns spent in the entire game.
 B = Non-inter-level travel turns spent in this place as a percentage of non-inter-level travel turns spent in the entire game.
 C = Inter-level travel turns spent in this place as a percentage of turns spent in this place.
 D = Turns resting spent in this place as a percentage of non-inter-level travel turns spent in this place.
 E = Turns spent auto-exploring this place as a percentage of non-inter-level travel turns spent in this place.
 F = Non-inter-level travel turns spent in this place divided by the number of levels of this place that you've seen.
                   A       B       C       D       E      F
               +-------+-------+-------+-------+-------+----------------------
         Total | 100.0 | 100.0 |   2.9 |   4.7 |  78.3 | 515.0
       Dungeon | 100.0 | 100.0 |   2.9 |   4.7 |  78.3 | 515.0
               +-------+-------+-------+-------+-------+----------------------
